 Dungeon Crawl Stone Soup version 0.26-a0-665-gefeb406119 (webtiles) character file.

Game seed: 16326355074599018509

1691 Hypoxia the Cleaver (level 8, 25/70 HPs)
             Began as a Deep Dwarf Fighter on Oct 14, 2020.
             Was an Initiate of Makhleb.
             Quit the game on level 7 of the Dungeon.
             The game lasted 00:12:16 (1110 turns).

Hypoxia the Cleaver (Deep Dwarf Fighter)            Turns: 1110, Time: 00:12:17

Health: 25/70      AC:  9    Str: 20    XL:     8   Next: 72%
Magic:  6/6        EV: 25    Int:  9    God:    Makhleb [......]
Gold:   26         SH: 10    Dex: 14    Spells: 7/7 levels left

rFire    . . .     SeeInvis .   a - +1 war axe
rCold    . . .     Faith    .   c - +1 kite shield
rNeg     . . .     Spirit   .   b - +0 scale mail
rPois    .         Reflect  .   (no helmet)
rElec    .         Harm     .   (no cloak)
rCorr    .         Rampage  .   i - +1 pair of gloves
MR       +....                  (no boots)
Stlth    ..........             e - amulet of the acrobat
HPRegen  0.00/turn              (no ring)
MPRegen  0.10/turn              (no ring)

@: acrobat, non-regenerating
A: damage resistance, heal wounds, sense surroundings 1, no regeneration
a: Heal Wounds, Renounce Religion


You were on level 7 of the Dungeon.
You worshipped Makhleb.
Makhleb was noncommittal.
You visited 2 branches of the dungeon, and saw 8 of its levels.
You also visited: Sewer.

You collected 165 gold pieces.
You spent 139 gold pieces at shops.

Inventory:

Hand Weapons
 a - a +1 war axe (weapon)
 k - a +1 vampiric spear
Missiles
 F - 9 curare-tipped darts (quivered)
Armour
 b - a +0 scale mail (worn)
 c - a +1 kite shield (worn)
 i - a +1 pair of gloves (worn)
Jewellery
 e - an amulet of the acrobat (around neck)
Scrolls
 o - 2 scrolls of fog
 T - 5 scrolls of teleportation {@r3}
Potions
 d - 2 potions of might {@q4}
 f - a potion of berserk rage {!q}
 g - a potion of invisibility {unknown}
 h - a potion of heal wounds {unknown}
 j - a potion of curing {unknown}
 l - 2 potions of brilliance
 m - a potion of flight {unknown}
 n - a potion of ambrosia {unknown}


   Skills:
 + Level 3.6 Fighting
 * Level 10.6 Axes
 - Level 3.2 Armour
 + Level 5.3 Dodging
 - Level 3.2 Shields


You had 7 spell levels left.
You didn't know any spells.
Your spell library was empty.

Dungeon Overview and Level Annotations

Branches:
Dungeon (7/15)             Temple (1/1) D:6           Sewer (visited)

Altars:
Ashenzari
Cheibriados
Dithmenos
Elyvilon
Fedhas
Gozag
Hepliaklqana
Kikubaaqudgha
Makhleb
Nemelex Xobeh
Okawaru
Qazlal
Ru
Sif Muna
Trog
Vehumet
Wu Jian
Xom
Yredelemnul
Zin
The Shining One

Shops:
D:4 :   D:7 *


Innate Abilities, Weirdness & Mutations

You are resistant to damage.
You can heal yourself by infusing magical energy.
You passively map a small area around you.
You do not regenerate.


Message History

The phantom hits you but does no damage.
Your shield and scale mail prevent you from hitting the phantom.
The phantom is severely damaged.
The phantom hits you.
You slash the phantom!
You destroy the phantom!
Makhleb accepts your kill.
Found a stone staircase leading up.
Found an escape hatch in the ceiling.
There is a stone staircase leading up here.
You climb upwards.
A howler monkey skeleton comes into view.
The howler monkey skeleton hits you.
There is a stone staircase leading down here.
The howler monkey skeleton hits you but does no damage.
You climb downwards.
There is a stone staircase leading up here.
A steam dragon comes into view.
The steam dragon hisses angrily.
Are you sure you want to abandon this character and quit the game? (Confirm with "yes".)

#..♣# *♣.♣* #♣..#
#...♣♣♣.♣.♣♣♣...#########
#......♣♣♣..............#
##...♣♣♣.♣.♣♣♣...........#
....♣# #♣.♣# #♣..........#
###.♣ ♣.♣ ♣....<.....# #.♣
♣.♣ #♣..........# #.. *
...♣♣♣........[..# #...
,.....D..@.....[..#
*###.##.#.......<.......#
,, .##.##.###..........#
** ###....# #..........#
.. ####..###### , ** #.##
* *.# * ,.# * ,


You could see a steam dragon.

Vanquished Creatures
  Prince Ribbit Grinder
  A phantom
  2 centaurs
  7 big kobolds
  3 wights
  2 howler monkeys
  A hound
  An orc priest Terence
  A worker ant
  8 gnolls
  7 adders
  5 river rats
  A worm
  A dart slug
  A leopard gecko
  5 orcs
  3 giant cockroaches
  3 hobgoblins
  2 quokkas
  3 ball pythons
  2 frilled lizards
  35 kobolds
  7 rats
104 creatures vanquished.

Notes
Turn   | Place    | Note
-------+----------+-------------------------------------------
     0 | D:1      | Hypoxia the Deep Dwarf Fighter began the quest for the Orb.
     0 | D:1      | Reached XP level 1. HP: 20/20 MP: 1/1
   103 | D:2      | Reached skill level 3 in Axes
   103 | D:2      | Reached XP level 2. HP: 27/27 MP: 2/2
   165 | D:3      | Reached skill level 4 in Axes
   165 | D:3      | Reached XP level 3. HP: 22/33 MP: 3/3
   210 | D:4      | Noticed a big kobold
   227 | D:4      | Reached skill level 5 in Axes
   227 | D:4      | Reached XP level 4. HP: 15/40 MP: 4/4
   234 | D:4      | Noticed a big kobold
   235 | D:4      | Noticed a big kobold
   251 | D:4      | Killed a big kobold
   251 | D:4      | Reached skill level 6 in Axes
   251 | D:4      | Reached XP level 5. HP: 26/46 MP: 5/5
   259 | D:4      | Reached skill level 7 in Axes
   259 | D:4      | Reached XP level 6. HP: 22/55 MP: 6/6
   331 | D:4      | Reached skill level 8 in Axes
   343 | D:4      | Reached XP level 7. HP: 47/61 MP: 7/7
   522 | D:3      | Noticed Terence
   546 | D:3      | Killed Terence
   571 | D:5      | Entered Level 5 of the Dungeon
   571 | D:5      | Noticed Grinder
   572 | D:5      | Paralysed by Grinder for 6 turns
   587 | D:5      | Killed Grinder
   587 | D:5      | Reached skill level 3 in Fighting
   587 | D:5      | Reached skill level 9 in Axes
   587 | D:5      | Reached skill level 2 in Dodging
   594 | D:4      | Found Fuel's Book Emporium.
   600 | D:5      | Reached skill level 3 in Dodging
   655 | D:6      | Found a glowing drain.
   670 | Sewer    | Entered a sewer
   705 | Sewer    | Reached XP level 8. HP: 57/69 MP: 7/7
   777 | D:6      | Reached skill level 4 in Dodging
   801 | D:6      | Found a staircase to the Ecumenical Temple.
   812 | Temple   | Entered the Ecumenical Temple
   849 | Temple   | Became a worshipper of Makhleb the Destroyer
   882 | D:7      | Found Uxtoypp's Assorted Antiques.
   887 | D:7      | Bought 2 coppery potions for 37 gold pieces
   887 | D:7      | Bought a sedimented ruby potion for 18 gold pieces
   887 | D:7      | Bought a potion of might for 84 gold pieces
   921 | D:7      | Reached skill level 10 in Axes
   949 | D:7      | Noticed Prince Ribbit
  1079 | D:7      | Killed Prince Ribbit
  1079 | D:7      | Reached skill level 5 in Dodging
  1110 | D:7      | Quit the game

Illustrated notes

Levels and vault maps discovered:
D:1:      mrwooster_arrival_statue, layout_loops_ring, minmay_vboxes
D:2:      minmay_spotlight, layout_basic
D:3:      layout_basic, gammafunk_ghost_nasty_kobolds, uniq_terence
D:4:      minmay_goblin_kobold_castle, layout_loops_ring, serial_shops,
          nicolae_shop_behind_doors, grunt_ministairs_5
D:5:      layout_rooms, uniq_edmund, uniq_grinder
D:6:      layout_loops_ring, minmay_temple_entry_proselytizer,
          portal_sewer_entry_b
D:7:      layout_rooms, serial_shops, shop, grunt_decor_arrowhead, minivault_11,
          minmay_stone_trees_medium, uniq_harold, uniq_prince_ribbit1
Temple:   grunt_wide_crystal_templ

Skill      XL: |  1  2  3  4  5  6  7  8 |
---------------+-------------------------+-----
Axes           | 3 4 5 6 7 8 9 10 | 10.6
Fighting       | 3 |  3.6
Dodging        | 3 5 |  5.3
Armour         | |  3.2
Shields        | |  3.2

Action                   |  1- 3 |  4- 6 |  7- 9 || total
-------------------------+-------+-------+-------++-------
Melee: War axe           |    54 |    71 |   191 ||   316
 Abil: Heal Wounds       |       |     3 |     8 ||    11
  Use: Scroll            |       |       |     8 ||     8
Armor: Scale mail        |    44 |    64 |    60 ||   168
Dodge: Dodged            |    50 |    60 |    93 ||   203
Block: Kite shield       |    45 |    92 |   129 ||   266

Table legend: (Time is in decaauts)
 A = Elapsed time spent in this place.
 B = Non-inter-level travel time spent in this place.
 C = Inter-level travel time spent in this place.
 D = Time resting spent in this place.
 E = Time spent auto-exploring this place.
 F = Levels seen in this place.
 G = Mean time per level.
                   A        B        C        D        E       F      G
               +--------+--------+--------+--------+--------+-----+--------+
         Total |   1188 |   1176 |     12 |      0 |      0 |   9 |  132.0 |
       Dungeon |   1028 |   1028 |      0 |      0 |      0 |   7 |  146.9 |
        Temple |     50 |     38 |     12 |      0 |      0 |   1 |   50.0 |
         Sewer |    109 |    109 |      0 |      0 |      0 |   1 |  109.0 |
               +--------+--------+--------+--------+--------+-----+--------+

Top non-repeatable levels by time:
     D:4: 355 daAuts
     D:7: 232 daAuts
     D:2: 132 daAuts
     D:6: 115 daAuts
   Sewer: 109 daAuts
     D:3: 105 daAuts
     D:5: 57 daAuts
  Temple: 50 daAuts
     D:1: 30 daAuts
